AoeStats
← AlfredtGreat354

Nomad

509174541Analyzed
2v2 RM · 8d ago on Sep 25, 2026· 26m 11s· 4 players
Game mode
Random Map
Map size
176×176
Population
200
Speed
Normal
Resources
Standard
Victory
Conquest
Starting age
Dark Age
Ending age
Imperial Age
RankedLock teamsTeams togetherTeam positionsShared explorationLock speedFull tech treeHidden civsTurbo modeCheats
Victory
Defeat
🇬🇧 Celts · United Kingdom
367
+6
🇬🇧 Khmer · United Kingdom
366
+6
🇸🇪 Khmer · Sweden
128
-6
🇸🇪 Ethiopians · Sweden
128
-6
Dan-R-Z
7:55 Loom
19:38 Feudal Age
hemba3d
15:59 Feudal Age
gjaflaug
17:44 Feudal Age
20:05 Wheelbarrow
19:14 Man-at-Arms
25:05 Arson
25:52 Forging
AlfredtGreat354
19:56 Feudal Age
20:15 Man-at-Arms
22:35 Wheelbarrow
21:59 Stone Mining
22:01 Gold Mining
23:25 Forging
23:10 Arson
23:29 Double-Bit Axe
26:22 Scale Mail Armor
Connection lost

Rejoining the realm…

Still unreachable

The connection could not be restored.

Session expired

The server has moved on; the page needs a fresh start.